 Dungeon Crawl Stone Soup version 0.31-a0-237-g2d982f9f85 (webtiles) character file.

Game seed: 16339126795326823537

358 qw the Shooter (level 6, -4/52 HPs)
             Began as a Minotaur Hexslinger on July 10, 2023.
             Killed from afar by an orc wizard (9 damage)
             ... with a magic dart
             ... on level 3 of the Dungeon.
             The game lasted 00:00:54 (1549 turns).

qw the Shooter (Minotaur Hexslinger)                Turns: 1549, Time: 00:00:54

Health: -4/52      AC:  2    Str: 12    XL:     6   Next: 37%
Magic:  6/6        EV: 17    Int: 10    God:
Gold:   106        SH:  0    Dex: 15    Spells: 6/7 levels left

rFire   . . .        Y - +4 sling
rCold   . . .        (no shield)
rNeg    + . .        c - +0 robe
rPois   .            (helmet restricted)
rElec   .            (no cloak)
rCorr   .            (no gloves)
SInv    .            (no boots)
Will    .....        (no amulet)
Stlth   +            f - +5 ring of evasion
HPRegen 0.28/turn    i - ring of positive energy
MPRegen 0.10/turn

%: no passive effects
@: confused
A: horns 2, retaliatory headbutt
a: no special abilities


You were on level 3 of the Dungeon.
You visited 1 branch of the dungeon, and saw 3 of its levels.

You collected 106 gold pieces.


Innate Abilities, Weirdness & Mutations

You have a pair of horns on your head.
You reflexively headbutt those who attack you in melee.


   Skills:
 + Level 3.7 Fighting
 - Level 6.7 Ranged Weapons
 - Level 2.1 Dodging
 - Level 1.0 Spellcasting
 - Level 2.0 Hexes


You had 6 spell levels left.
You knew the following spells:

 Your Spells              Type           Power      Damage    Failure   Level
a - Slow                  Hex            16%        N/A       16%         1

Your spell library contained the following spells:

 Spells                   Type           Power      Damage    Failure   Level
 Inner Flame              Hex/Fire       2%         N/A       56%         3
 Portal Projectile        Hex/Tloc       4%         N/A       56%         3
 Cause Fear               Hex            2%         N/A       83%         4

Inventory:

Hand Weapons
 Y - a +4 sling (weapon)
Armour
 a - a +1 leather armour of fire resistance
 c - a +0 robe (worn)
Jewellery
 f - a +5 ring of evasion (left hand)
 i - a ring of positive energy (right hand)
Potions
 e - a potion of magic {unknown}
 g - a potion of heal wounds {unknown}
 h - 4 potions of enlightenment
 k - a potion of brilliance {unknown}

Dungeon Overview and Level Annotations

Branches:
Dungeon (3/15)

Altars:
Hepliaklqana

Shops:
D:1 [


Message History

You are confused.
Something hits you. The orc barely misses you. Something hits you.
You feel less confused. The orc hits you with a +0 dagger.
Something barely misses you.
You shoot a sling bullet. The sling bullet hits the orc!
The orc is almost dead.
The orc misses you. Something hits you. The orc barely misses you.
You hear some strange, mumbled words.
A puff of flame appears from out of thin air!
The puff of flame hits you.
You shoot a sling bullet. The sling bullet hits the orc.
You kill the orc!
Something hits you.
You shoot a sling bullet. The sling bullet hits the worm!
The worm is moderately wounded.
You hear some strange, mumbled words.
Something tries to affect you, but you resist.
You shoot a sling bullet. The sling bullet hits the worm!
The worm is severely wounded.
The worm closely misses you. Something hits you but does no damage.
You shoot a sling bullet. The sling bullet hits the worm.
The worm is severely wounded.
You hear some strange, mumbled words.
You are confused.
The worm barely misses you. Something hits you.
Something hits you but does no damage. The worm bites you.
You hear some strange, mumbled words.
You are more confused.
A ball python comes into view.
The worm barely misses you. Something hits you.
The ball python hisses angrily.
You hear some strange, mumbled words.
A puff of flame appears from out of thin air!
The puff of flame hits you! The worm closely misses you. Something hits you.
You hear some strange, mumbled words.
A magic dart appears from out of thin air!
The magic dart hits you!
You die...

####..............#####.
#......############ #.
#.###.## ## # #.## #..#
##.## #..# ##.## #@{#
##w# #.# #S## #..# ##.#
#..)o)).......
.w.#...##...... #.##
######


You could see a worm and a ball python.

Vanquished Creatures
  Grinder (D:3)
  2 orc priests (D:3)
  An orc wizard (D:3)
  An adder (D:2)
  A worm (D:2)
  A dart slug (D:1)
  6 orcs (D:3)
  2 endoplasms (D:2)
  3 giant cockroaches
  5 hobgoblins
  2 jackals (D:1)
  4 quokkas
  2 ball pythons (D:2)
  4 bats
  5 frilled lizards
  13 goblins
  3 kobolds (D:1)
  4 rats
60 creatures vanquished.

Notes
Turn   | Place    | Note
-------+----------+-------------------------------------------
     0 | D:1      | qw the Minotaur Hexslinger began the quest for the Orb.
     0 | D:1      | Reached XP level 1. HP: 16/16 MP: 1/1
     0 | D:1      | 0 ||| qw: Version: 0.3-a-52-g30416fa
     0 | D:1      | 0 ||| qw: Game counter: 5143
     0 | D:1      | 0 ||| qw: Melee chars always use a shield: true
     0 | D:1      | 0 ||| qw: God list: Okawaru
     0 | D:1      | 0 ||| qw: Allow faded altars: false
     0 | D:1      | 0 ||| qw: Do Orc after clearing Dungeon:15 true
     0 | D:1      | 0 ||| qw: Do second Lair branch before Depths: true
     0 | D:1      | 0 ||| qw: Lair rune preference: random
     0 | D:1      | 0 ||| qw: Goals: Normal
     0 | D:1      | 0 ||| PLANNING D:1-11
   122 | D:1      | Reached skill level 3 in Ranged Weapons
   128 | D:1      | Reached XP level 2. HP: 23/23 MP: 2/2
   287 | D:1      | 287 ||| FLEEEEING.
   289 | D:1      | 289 ||| FLEEEEING.
   290 | D:1      | 290 ||| FLEEEEING.
   566 | D:1      | Reached XP level 3. HP: 29/29 MP: 3/3
   601 | D:1      | Found Qakhoz's Antique Armour Boutique.
   607 | D:1      | 607 ||| SHOPLISTING leather armour (58 gold, have 34).
   607 | D:1      | 607 ||| SHOPLISTING pair of runed gloves (217 gold, have
                  | 34).
   607 | D:1      | 607 ||| SHOPLISTING pair of warped gloves (275 gold, have
                  | 34).
   607 | D:1      | 607 ||| SHOPLISTING ring mail (116 gold, have 34).
   618 | D:1      | 618 ||| UPGRADING to +5 ring of evasion.
   619 | D:1      | 619 ||| UPGRADING to ring of positive energy.
   620 | D:1      | 620 ||| READING scroll labelled ETSIRHAEKE.
   621 | D:1      | 621 ||| READING scroll labelled KYRCHU FAIHUCE.
   622 | D:1      | 622 ||| DRINKING 2 pink potions.
   623 | D:1      | 623 ||| DROPPING scroll of poison.
   787 | D:2      | Reached skill level 4 in Ranged Weapons
   803 | D:2      | 803 ||| READING scroll of enchant weapon.
   803 | D:2      | 803 ||| ENCHANTING +2 sling.
   979 | D:2      | 979 ||| READING scroll of enchant weapon.
   979 | D:2      | 979 ||| ENCHANTING +3 sling.
  1013 | D:2      | Found a hazy altar of Hepliaklqana.
  1074 | D:2      | 1074 ||| DROPPING amulet of magic regeneration.
  1075 | D:2      | 1075 ||| READING scroll labelled TOMPA QILIAH.
  1076 | D:2      | 1076 ||| READING scroll labelled SENOTZETUI.
  1077 | D:2      | 1077 ||| DRINKING 2 puce potions.
  1119 | D:2      | 1119 ||| DROPPING potion of lignification.
  1136 | D:3      | Noticed Grinder
  1142 | D:3      | 1142 ||| STAIRDANCE
  1173 | D:3      | 1173 ||| STAIRDANCE
  1173 | D:3      | Killed Grinder
  1174 | D:3      | Reached skill level 6 in Ranged Weapons
  1174 | D:3      | Reached XP level 4. HP: 31/36 MP: 4/4
  1174 | D:3      | Reached XP level 5. HP: 36/41 MP: 5/5
  1296 | D:3      | 1296 ||| Stepping ~*~*~tactically~*~*~ (outnumbered).
  1299 | D:3      | 1299 ||| Stepping ~*~*~tactically~*~*~ (outnumbered).
  1306 | D:3      | Reached XP level 6. HP: 37/50 MP: 6/6
  1306 | D:3      | 1306 ||| FLEEEEING.
  1317 | D:3      | Reached skill level 3 in Fighting
  1523 | D:3      | 1523 ||| FLEEEEING.
  1525 | D:3      | 1525 ||| FLEEEEING.
  1531 | D:3      | 1531 ||| FLEEEEING.
  1532 | D:3      | 1532 ||| FLEEEEING.
  1547 | D:3      | HP: 6/52 [something/puff of flame (10)]
  1549 | D:3      | Killed from afar by an orc wizard

Levels and vault maps discovered:
D:1:      psy_arrival_wood_between_worlds, layout_rooms, serial_shops,
          nicolae_square_shop, serial_forest, infiniplex_forest_clump_double,
          infiniplex_forest_corner_1, infiniplex_forest_lined_room_2,
          infiniplex_forest_3_way, infiniplex_forest_clump_large
D:2:      layout_rooms, basic_altar
D:3:      layout_rooms, mainiacjoe_overflow_small_starburst, grunt_ministairs_2,
          uniq_grinder

Skill      XL: |  1  2  3  4  5  6 |
---------------+-------------------+-----
Ranged Weapons | 3 6 |  6.7
Fighting       | 2 3 |  3.7
Dodging        | |  2.1
Spellcasting   | |  1.0
Hexes          | |  2.0

Action                     |  1- 3 |  4- 6 || total
---------------------------+-------+-------++-------
   Fire: Sling             |   126 |    46 ||   172
    Use: Scroll            |     6 |       ||     6
         Potion            |     2 |       ||     2
 Armour: Robe              |     4 |     5 ||     9
  Dodge: Dodged            |    29 |    20 ||    49

Table legend:
 A = Non-vault XP
 B = Vault XP
 C = Vault XP percentage of total XP
 D = Non-vault monster count
 E = Vault monster count
 F = Vault count percentage of total count
                 A         B        C        D         E       F
            +---------+---------+-------+---------+---------+-------
      Total |     231 |     281 |  54.9 |      57 |       3 |   5.0
            +---------+---------+-------+---------+---------+-------
        D:1 |      42 |       0 |   0.0 |      26 |       0 |   0.0
        D:2 |      43 |       0 |   0.0 |      17 |       0 |   0.0
        D:3 |     146 |     281 |  65.8 |      14 |       3 |  17.6
            +---------+---------+-------+---------+---------+-------
